 Dungeon Crawl Stone Soup version 0.17-a0-1763-g847a857 (webtiles) character file.

176 gp7 the Grave Robber (level 5, 0/35 HPs)
             Began as a Vampire Necromancer on Sept 3, 2015.
             Killed by Freeze
             ... invoked by Medved's ghost
              (4 damage)
             ... in a sewer on Sept 6, 2015.
             The game lasted 00:14:12 (3233 turns).

gp7 the Grave Robber (Vampire Necromancer)          Turns: 3233, Time: 00:14:12

Health: 0/35       AC:  4    Str:  7    XL:     5   Next: 30%
Magic:  6/9        EV: 13    Int: 19    God:
Gold:   91         SH:  0    Dex: 14    Spells: 2 memorised, 7 levels left

rFire  . . .     SeeInvis +     d - +0 club
rCold  . . .     Clarity  .     a - +0 robe
rNeg   + . .     SustAt   .     (no shield)
rPois  .         Gourm    .     (no helmet)
rElec  .         Spirit   .     (no cloak)
rCorr  .         Warding  .     e - +1 pair of gloves
rMut   .         Stasis   .     (no boots)
MR     .....                    (no amulet)
Stlth  +++.......               (no ring)
                                (no ring)

@: not resistant to hostile enchantments, fairly stealthy
A: fangs 3, see invisible, unbreathing
a: Bat Form


You were in a sewer.
You were not thirsty.

You visited 1 branch of the dungeon, and saw 3 of its levels.
You also visited: Sewer.

You collected 91 gold pieces.

Inventory:

Hand weapons
 d - a +0 club (weapon)
Armour
 a - a +0 robe (worn)
 e - a +1 pair of gloves (worn)
Jewellery
 h - an uncursed ring of flight {unknown}
Scrolls
 g - 2 scrolls of enchant weapon {unknown}
 i - a scroll of remove curse {unknown}
 k - a scroll of identify {unknown}
 m - 2 scrolls of teleportation {unknown}
 n - a scroll of enchant armour {unknown}
Potions
 c - 19 potions of blood
 f - a potion of agility {unknown}
 j - a potion of resistance {unknown}
 l - a potion of mutation {unknown}
 o - 2 potions of degeneration {unknown}
Books
 b - a book of Necromancy

   Spells                             Type                      Level
   a - Pain                           Necromancy                   1
   b - Animate Skeleton               Necromancy                   1
   c - Vampiric Draining              Necromancy                   3
   d - Regeneration                   Charms/Necromancy            3
   e - Animate Dead                   Necromancy                   4
   f - Control Undead                 Necromancy                   4


   Skills:
 + Level 3.4 Dodging
 + Level 4.4 Stealth
 + Level 2.7 Spellcasting
 * Level 5.8 Necromancy


You had 7 spell levels left.
You knew the following spells:

 Your Spells              Type           Power        Failure   Level  Hunger
a - Pain                  Necr           ###.         1%          1    None
b - Animate Skeleton      Necr           N/A          1%          1    None


Dungeon Overview and Level Annotations

Branches:
Dungeon (3/15)

Altars:
Nemelex Xobeh
Okawaru

Annotations:
D:2 Terence Sewer Medved's ghost, average HEIE


Innate Abilities, Weirdness & Mutations

You have razor-sharp teeth.
You have supernaturally acute eyesight.
You can survive without breathing.


Message History

You hit Medved's ghost.
Medved's ghost is moderately damaged.
Medved's ghost says, "You will never get the ORB!"
Medved's ghost misses you.
You barely miss Medved's ghost.
Medved's ghost is moderately damaged.
Medved's ghost whispers, "The ORB doesn't exist."
Medved's ghost casts a spell at you.
You are frozen.
* * * LOW HITPOINT WARNING * * *
You closely miss Medved's ghost.
Medved's ghost is moderately damaged.
Medved's ghost closely misses you.
Medved's ghost points at you and mumbles some strange words.
You are frozen.
* * * LOW HITPOINT WARNING * * *
A kobold comes into view. It is wielding a short sword.
Medved's ghost gestures at you while chanting.
You are frozen.
You die...

## ≈# #####
≈# #...##≈##
#.∩.#.≈.#
#.∩.W@≈.#
#.....≈.#
#####.≈..≈≈≈
..≈≈###..
..≈.# K#.≈.#
.##≈## .# ≈#


You could see Medved's ghost and a kobold (sleeping).

Vanquished Creatures
  Ijyb (D:3)
  An orc priest (D:3)
  4 adders
  A river rat (D:3)
  An ooze (D:2)
  A worm (D:2)
  3 giant geckos
  2 orcs (D:3)
  3 ball pythons (D:3)
  6 bats
  6 giant cockroaches
  12 goblins
  4 hobgoblins
  2 jackals (D:1)
  6 giant newts
  8 kobolds
  7 rats
68 creatures vanquished.

Vanquished Creatures (collateral kills)
  A giant cockroach (D:1)
  A kobold (D:1)
2 creatures vanquished.

Grand Total: 70 creatures vanquished

Notes
Turn   | Place    | Note
--------------------------------------------------------------
     0 | D:1      | gp7 the Vampire Necromancer began the quest for the Orb.
     0 | D:1      | Reached XP level 1. HP: 13/13 MP: 3/3
   110 | D:1      | Upgraded the game from 0.17-a0-1753-g75d4604 to 0.17-a0-1763-g847a857
   740 | D:1      | Reached XP level 2. HP: 14/19 MP: 0/5
   930 | D:1      | Learned a level 1 spell: Animate Skeleton
  1218 | D:1      | Reached skill level 5 in Necromancy
  1385 | D:1      | Reached XP level 3. HP: 20/24 MP: 1/6
  1714 | D:1      | You fall through a shaft!
  1756 | D:2      | Found an iron altar of Okawaru.
  2067 | D:2      | Noticed Terence
  2256 | D:2      | Reached XP level 4. HP: 23/30 MP: 1/7
  2652 | D:3      | Found a sparkling altar of Nemelex Xobeh.
  3065 | D:3      | Noticed Ijyb
  3079 | D:3      | Killed Ijyb
  3079 | D:3      | Reached XP level 5. HP: 18/35 MP: 0/9
  3197 | D:3      | Found a glowing drain.
  3218 | Sewer    | Entered a sewer
  3218 | Sewer    | Noticed Medved's ghost (average HEIE)
  3233 | Sewer    | Killed from afar by Medved's ghost

Vault maps used:
D:1:      eino_arrival_cavern_b
D:2:      okawaru_ov_weapons_minmay, uniq_terence
D:3:      overflow_temple_1_default, first_bread, portal_sewer_entry_b,
          uniq_iyjb
Sewer:    sewer_the_crocodile

Action                   |  1- 3 |  4- 6 || total
-------------------------+-------+-------++-------
Melee: Unarmed           |     7 |       ||     7
       Club              |     9 |    18 ||    27
 Cast: Pain              |    74 |    52 ||   126
       Animate Skeleton  |     1 |       ||     1
  Use: Potion            |     4 |     3 ||     7
